 Dungeon Crawl Stone Soup version 0.21.1-1-g345015f (webtiles) character file.

389 sendhelp the Vandal (level 7, -8/46 HPs)
             Began as a Halfling Hunter on Apr 17, 2018.
             Mangled by an orc warrior
             ... wielding a +0 hand axe
              (16 damage)
             ... on level 6 of the Dungeon.
             The game lasted 00:09:32 (2025 turns).

sendhelp the Vandal (Halfling Hunter)               Turns: 2025, Time: 00:09:33

Health: -8/46      AC:  3    Str: 18    XL:     7   Next: 7%
Magic:  7/7        EV: 16    Int:  9    God:
Gold:   39         SH:  0    Dex: 17    Spells: 6/6 levels left

rFire    . . .     SeeInvis .   a - +2 hunting sling
rCold    . . .     Gourm    .   (shield restricted)
rNeg     . . .     Faith    .   c - +0 leather armour
rPois    .         Spirit   .   (no helmet)
rElec    .         Reflect  .   (no cloak)
rCorr    .         Harm     .   (no gloves)
MR       .....                  (no boots)
Stlth    ++........             (no amulet)
HPRegen  0.15/turn              h - ring of flight
MPRegen  0.10/turn              j - +5 ring of strength

@: drained
A: small, mutation resistance 1
a: Evoke Flight


You were on level 6 of the Dungeon.
You were not hungry.

You visited 1 branch of the dungeon, and saw 4 of its levels.

You collected 39 gold pieces.

Inventory:

Hand Weapons
 a - a +2 hunting sling (weapon)
 b - a +0 short sword
 e - a +1 quarterstaff of holy wrath
 k - a +0 club
Missiles
 d - 5 sling bullets (quivered)
 g - 93 stones
 r - 17 arrows
Armour
 c - a +0 leather armour (worn)
Jewellery
 h - a ring of flight (left hand)
 j - a +5 ring of strength (right hand)
 o - a +3 ring of intelligence
Scrolls
 s - 2 scrolls of blinking
Potions
 i - a potion of brilliance {unknown}
 m - a potion of degeneration {unknown}
 p - a potion of agility
 q - a potion of haste {unknown}
Comestibles
 f - 7 rations


   Skills:
 + Level 3.5(3.2) Fighting
 + Level 7.5(7.2) Slings
 + Level 4.2(3.9) Dodging
 + Level 4.0(3.7) Stealth


You had 6 spell levels left.
You didn't know any spells.

Dungeon Overview and Level Annotations

Branches:
Dungeon (3/15)

Altars:
Fedhas
Makhleb
Xom


Innate Abilities, Weirdness & Mutations

You are small and have problems with some larger weapons.
You are somewhat resistant to further mutation.


Message History

You shoot a sling bullet.
The sling bullet barely misses the orc warrior.
The sling bullet hits the gnoll.
You kill the gnoll!
The orc warrior hits you but does no damage.
Firing (i - inventory. (,) - cycle):
d - 7 sling bullets (quivered)
Press: ? - help, Shift-Dir - straight line, f/p - orc warrior
Aim: an orc warrior, wielding a hand axe and wearing a chain mail (severely wounded)
You shoot a sling bullet. The sling bullet hits the orc warrior.
The orc warrior is almost dead.
The orc warrior hits you with a hand axe.
* * * LOW HITPOINT WARNING * * *
Firing (i - inventory. (,) - cycle):
d - 6 sling bullets (quivered)
Press: ? - help, Shift-Dir - straight line, f/p - orc warrior
Aim: an orc warrior, wielding a hand axe and wearing a chain mail (almost dead)
You shoot a sling bullet.
The sling bullet hits the orc warrior but does no damage.
The orc warrior is almost dead.
The orc warrior hits you with a hand axe!
You die... l(. oc.

#l# #(# #g# ## #g#
..# #)# #.# #o#
####.# #@# ..##.##
#)# #.#.).## #.#
#..#.#.#######.#
###.##...........#
....................#
#####...#############
######.## .......#


You could see an orc warrior, a centaur, 2 gnolls, an orc and a leopard gecko.

Vanquished Creatures
  An ice beast (D:6)
  2 bullfrogs
  3 wights (D:6)
  A gnoll (D:6)
  2 worms (D:2)
  3 dart slugs (D:1)
  A leopard gecko (D:1)
  2 bats (D:2)
  A giant cockroach (D:1)
  3 goblins (D:1)
  A hobgoblin (D:1)
  6 jackals
  2 quokkas (D:2)
  2 frilled lizards
  3 kobolds
  2 rats (D:2)
35 creatures vanquished.

Notes
Turn   | Place    | Note
-------+----------+-------------------------------------------
     0 | D:1      | sendhelp the Halfling Hunter began the quest for the Orb.
     0 | D:1      | Reached XP level 1. HP: 14/14 MP: 1/1
   187 | D:1      | Reached skill level 6 in Slings
   187 | D:1      | Reached XP level 2. HP: 19/19 MP: 2/2
   636 | D:1      | Reached XP level 3. HP: 24/24 MP: 3/3
   893 | D:2      | Found a blossoming altar of Fedhas.
  1024 | D:2      | Found a shimmering altar of Xom.
  1107 | D:2      | Noticed a bullfrog
  1114 | D:2      | Killed a bullfrog
  1114 | D:2      | Reached XP level 4. HP: 21/30 MP: 4/4
  1215 | D:2      | Found a burning altar of Makhleb.
  1279 | D:2      | Reached XP level 5. HP: 35/35 MP: 5/5
  1609 | D:3      | You fall through a shaft for 3 floors!
  1616 | D:6      | Noticed an ice beast
  1616 | D:6      | Noticed a bullfrog
  1635 | D:6      | Killed an ice beast
  1635 | D:6      | Reached skill level 7 in Slings
  1635 | D:6      | Reached XP level 6. HP: 27/42 MP: 6/6
  1639 | D:6      | HP: 1/42 [bullfrog (7)]
  2003 | D:6      | Reached XP level 7. HP: 20/46 MP: 7/7
  2025 | D:6      | Mangled by an orc warrior

Skill      XL: |  1  2  3  4  5  6 |
---------------+-------------------+-----
Slings         | 6 7 |  7.5
Fighting       | 2 3 |  3.5
Stealth        | 2 3 4 |  4.0
Dodging        | 3 4 |  4.2

Action                   |  1- 3 |  4- 6 |  7- 9 || total
-------------------------+-------+-------+-------++-------
 Fire: Hunting sling     |    65 |    60 |    12 ||   137
  Use: Scroll            |     1 |     5 |       ||     6
  Eat: Chunk             |       |     3 |       ||     3
Armor: Leather armour    |     3 |     3 |     1 ||     7
Dodge: Dodged            |    13 |    23 |     2 ||    38
